 Dungeon Crawl Stone Soup version 0.29.0-4-gdea44cf6ec (webtiles) character file.

Game seed: 2892591293588404699

735 qw the Chopper (level 7, -3/66 HPs)
             Began as a Gargoyle Berserker on Sept 8, 2022.
             Was a Believer of Trog.
             Slain by a gnoll sergeant
             ... wielding a +2 spear of freezing
              (8 damage)
             ... on level 5 of the Dungeon.
             The game lasted 00:02:00 (5917 turns).

qw the Chopper (Gargoyle Berserker)                 Turns: 5917, Time: 00:02:00

Health: -3/66      AC: 13    Str: 22    XL:     7   Next: 74%
Magic:  7/7        EV:  8    Int:  8    God:    Trog [**....]
Gold:   170        SH:  0    Dex:  9    Spells: 6/6 levels left

rFire   . . .      SeeInvis .   Y - +0 hand axe
rCold   . . .      Faith    .   (no shield)
rNeg    + . .      Spirit   .   h - +0 chain mail
rPois   inf        Reflect  .   (no helmet)
rElec   +          Harm     .   (no cloak)
rCorr   .          Rampage  .   (no gloves)
Will    .....                   (no boots)
Stlth   ..........              (no amulet)
HPRegen 0.21/turn               (no ring)
MPRegen 0.10/turn               (no ring)

@: berserking, very quick
A: sickness immunity, AC +4, negative energy resistance 1, electricity
resistance, torment resistance 1, petrification resistance
a: Renounce Religion, Berserk, Trog's Hand


You were on level 5 of the Dungeon.
You worshipped Trog.
Trog was pleased with you.
You visited 1 branch of the dungeon, and saw 5 of its levels.

You collected 190 gold pieces.
You spent 20 gold pieces at shops.


Innate Abilities, Weirdness & Mutations

You are immune to sickness and miasma.
Your stone body is resilient. (AC +4)
You are immune to poison.
You resist negative energy. (rN+)
You are resistant to electric shocks. (rElec)
You are resistant to unholy torment.
You are immune to petrification.


   Skills:
 - Level 5.1 Fighting
 - Level 7.2 Axes
 + Level 2.7 Armour
 - Level 1.5 Dodging


You had 6 spell levels left.
You didn't know any spells.
Your spell library was empty.

Inventory:

Hand Weapons
 d - a +0 flail
 Y - a +0 hand axe (weapon)
Armour
 h - a +0 chain mail (worn)
Scrolls
 f - 3 scrolls of identify
Potions
 a - a potion of resistance {unknown}
 c - 3 potions of curing
 e - a potion of heal wounds
 g - 3 potions of haste

Dungeon Overview and Level Annotations

Branches:
Dungeon (5/15)
 Temple: D:4-7

Altars:
Wu Jian

Shops:
D:3 *


Message History

The gnoll sergeant hits you from afar with a +2 spear of freezing!
The gnoll sergeant freezes you.
5908 ||| INVOKING Berserk.
A red film seems to cover your vision as you go berserk!
You feel yourself moving faster!
You feel mighty! The gnoll hits you but does no damage.
The gnoll sergeant hits you but does no damage.
The gnoll hits you from afar with a +0 halberd.
The gnoll hits you but does no damage.
You barely miss the gnoll.
The gnoll is severely wounded.
You slash the gnoll!
You kill the gnoll!
Trog accepts your kill.
You closely miss the gnoll.
The gnoll is severely wounded.
The gnoll sergeant hits you but does no damage.
The gnoll hits you from afar with a +0 halberd.
The gnoll hits you with a +0 club.
You barely miss the gnoll.
The gnoll is severely wounded.
You slash the gnoll!
You kill the gnoll!
Trog accepts your kill.
You hear the slow rusting of a very distant drain.
The gnoll sergeant hits you but does no damage.
The gnoll hits you from afar with a +0 halberd.
The gnoll completely misses you. The gnoll sergeant closely misses you.
You see here a +0 whip.
You closely miss the gnoll sergeant. You slash the gnoll! You slash the gnoll!
You kill the gnoll!
Trog accepts your kill.
You closely miss the gnoll sergeant.
The gnoll sergeant hits you with a +2 spear of freezing.
The gnoll sergeant freezes you.
You hit the gnoll sergeant but do no damage.
You barely miss the gnoll sergeant.
The gnoll sergeant hits you with a +2 spear of freezing!
You die...

#.....###.#
.......#..#####
...........##.#
#.....#.......#
##...##........
#.....#.......###
...........#..#.##
.......#..###...)###
#.....###.....##@).#
..###..#.......#.g..# (.
#..................#
........#.....#.........
........##...##<..##.>..
........#.....#....#....
...#....................
..###..#.......#..... .#
#. ..###.....## .


You could see a gnoll sergeant.

Vanquished Creatures
  A black bear (D:4)
  Pargi (D:4)
  A necrophage (D:3)
  4 scorpions
  A hound (D:4)
  3 adders
  10 gnolls
  3 worms
  6 dart slugs
  9 orcs
  4 bats
  7 endoplasms
  4 giant cockroaches
  5 goblins
  6 hobgoblins
  2 jackals (D:4)
  2 quokkas (D:1)
  6 ball pythons
  5 frilled lizards
  8 kobolds
  8 rats
96 creatures vanquished.

Vanquished Creatures (others)
  2 plants (D:2)
2 creatures vanquished.

Grand Total: 98 creatures vanquished

Notes
Turn   | Place    | Note
-------+----------+-------------------------------------------
     0 | D:1      | qw the Gargoyle Berserker began the quest for the Orb.
     0 | D:1      | Reached XP level 1. HP: 14/14 MP: 1/1
     0 | D:1      | 0 ||| qw: Version: 0.1-a-112-g44dc6cd
     0 | D:1      | 0 ||| qw: Game counter: 6823
     0 | D:1      | 0 ||| qw: Always use a shield: true
     0 | D:1      | 0 ||| qw: Do Orc after D:15 true
     0 | D:1      | 0 ||| qw: Do second Lair branch before Depths: true
     0 | D:1      | 0 ||| qw: Lair rune preference: random
     0 | D:1      | 0 ||| qw: Plans: Normal
     0 | D:1      | 0 ||| PLANNING D:1-11
    21 | D:1      | 21 ||| Stepping ~*~*~tactically~*~*~ (stealth).
    45 | D:1      | 45 ||| INVOKING Berserk.
    46 | D:1      | 46 ||| INVOKING Berserk.
    48 | D:1      | HP: 4/21 [kobold/+0 club (2)]
   335 | D:1      | 335 ||| INVOKING Berserk.
   488 | D:1      | Reached skill level 3 in Axes
   613 | D:1      | Reached XP level 2. HP: 18/19 MP: 2/2
   835 | D:1      | 835 ||| Stepping ~*~*~tactically~*~*~ (stealth).
   836 | D:1      | 836 ||| Stepping ~*~*~tactically~*~*~ (stealth).
   840 | D:1      | 840 ||| Stepping ~*~*~tactically~*~*~ (stealth).
   841 | D:1      | 841 ||| Stepping ~*~*~tactically~*~*~ (stealth).
   842 | D:1      | 842 ||| Stepping ~*~*~tactically~*~*~ (stealth).
   843 | D:1      | 843 ||| Stepping ~*~*~tactically~*~*~ (stealth).
  1043 | D:1      | 1043 ||| INVOKING Berserk.
  1044 | D:1      | 1044 ||| INVOKING Berserk.
  1045 | D:1      | 1045 ||| INVOKING Berserk.
  1238 | D:1      | 1238 ||| DROPPING +0 club.
  1268 | D:1      | 1268 ||| Stepping ~*~*~tactically~*~*~ (stealth).
  1270 | D:1      | 1270 ||| INVOKING Berserk.
  1274 | D:1      | Reached XP level 3. HP: 23/23 MP: 3/3
  1294 | D:1      | 1294 ||| Stepping ~*~*~tactically~*~*~ (stealth).
  1361 | D:1      | 1361 ||| Stepping ~*~*~tactically~*~*~ (hiding).
  1463 | D:1      | 1463 ||| Stepping ~*~*~tactically~*~*~ (hiding).
  1511 | D:1      | Found a faded altar of an unknown god.
  1598 | D:1      | 1598 ||| Stepping ~*~*~tactically~*~*~ (hiding).
  1701 | D:1      | 1701 ||| INVOKING Berserk.
  1706 | D:1      | Reached skill level 4 in Axes
  2180 | D:1      | 2180 ||| READING scroll labelled TUPRYUSMITT.
  2307 | D:2      | Reached XP level 4. HP: 28/28 MP: 4/4
  2454 | D:2      | 2454 ||| INVOKING Berserk.
  2539 | D:2      | 2539 ||| DROPPING +0 whip.
  2543 | D:2      | 2543 ||| Stepping ~*~*~tactically~*~*~ (hiding).
  2544 | D:2      | 2544 ||| Stepping ~*~*~tactically~*~*~ (stealth).
  2546 | D:2      | 2546 ||| INVOKING Berserk.
  2721 | D:2      | Reached skill level 5 in Axes
  2781 | D:2      | Reached XP level 5. HP: 32/32 MP: 5/5
  2884 | D:2      | Reached ** piety under Trog
  3302 | D:2      | 3302 ||| UPGRADING to +0 ring mail.
  3312 | D:2      | 3312 ||| DROPPING +0 animal skin.
  3313 | D:2      | 3313 ||| UPGRADING to +0 scale mail.
  3323 | D:2      | 3323 ||| DROPPING +0 ring mail.
  3324 | D:2      | 3324 ||| READING scroll labelled BIACURE ZUZOQ.
  3325 | D:2      | 3325 ||| READING scroll labelled OLIZYI BIUVEBB.
  3384 | D:2      | 3384 ||| DRINKING 4 metallic sapphire potions.
  3385 | D:2      | 3385 ||| DRINKING 2 lumpy purple potions.
  3490 | D:2      | 3490 ||| DRINKING 2 fizzy red potions.
  3491 | D:2      | 3491 ||| DROPPING potion of berserk rage.
  3852 | D:3      | 3852 ||| Stepping ~*~*~tactically~*~*~ (hiding).
  4013 | D:3      | 4013 ||| Stepping ~*~*~tactically~*~*~ (stealth).
  4161 | D:3      | Found Xekhae Ledu's General Store.
  4167 | D:3      | 4167 ||| SHOPLISTING +1 chain mail of fire resistance (165
                  | gold, have 106).
  4167 | D:3      | 4167 ||| BUYING scroll of identify (20 gold).
  4167 | D:3      | Bought a scroll of identify for 20 gold pieces
  4209 | D:3      | Found an ornate altar of the Wu Jian Council.
  4490 | D:3      | 4490 ||| UPGRADING to +0 chain mail.
  4500 | D:3      | 4500 ||| DROPPING +0 scale mail.
  4501 | D:3      | 4501 ||| READING scroll labelled XESCHU FUHA.
  4502 | D:3      | 4502 ||| READING scroll labelled AKOATE OSEKIO.
  4507 | D:3      | 4507 ||| DRINKING 2 blue potions.
  4608 | D:3      | 4608 ||| READING 4 scrolls of identify.
  4608 | D:3      | 4608 ||| IDENTIFYING green potion
  4609 | D:3      | 4609 ||| DROPPING potion of ambrosia.
  4652 | D:4      | Noticed Pargi
  4664 | D:4      | Killed Pargi
  4665 | D:4      | Reached skill level 6 in Axes
  4665 | D:4      | Reached XP level 6. HP: 34/38 MP: 6/6
  4711 | D:4      | 4711 ||| FLEEEEING.
  4712 | D:4      | 4712 ||| FLEEEEING.
  4713 | D:4      | 4713 ||| FLEEEEING.
  4714 | D:4      | 4714 ||| FLEEEEING.
  4719 | D:4      | 4719 ||| FLEEEEING.
  4720 | D:4      | 4720 ||| FLEEEEING.
  4721 | D:4      | 4721 ||| FLEEEEING.
  4722 | D:4      | 4722 ||| FLEEEEING.
  4723 | D:4      | 4723 ||| FLEEEEING.
  4724 | D:4      | 4724 ||| FLEEEEING.
  4729 | D:4      | 4729 ||| FLEEEEING.
  4730 | D:4      | 4730 ||| STAIRDANCE
  4763 | D:4      | 4763 ||| STAIRDANCE
  4769 | D:4      | 4769 ||| STAIRDANCE
  4870 | D:4      | 4870 ||| STAIRDANCE
  4880 | D:4      | 4880 ||| STAIRDANCE
  4993 | D:4      | 4993 ||| STAIRDANCE
  5118 | D:4      | 5118 ||| Stepping ~*~*~tactically~*~*~ (hiding).
  5132 | D:4      | 5132 ||| Stepping ~*~*~tactically~*~*~ (stealth).
  5137 | D:4      | Reached XP level 7. HP: 41/43 MP: 7/7
  5142 | D:4      | 5142 ||| Stepping ~*~*~tactically~*~*~ (stealth).
  5143 | D:4      | 5143 ||| Stepping ~*~*~tactically~*~*~ (stealth).
  5152 | D:4      | 5152 ||| Stepping ~*~*~tactically~*~*~ (hiding).
  5323 | D:4      | 5323 ||| INVOKING Berserk.
  5329 | D:4      | Reached skill level 7 in Axes
  5713 | D:4      | Identified the +8 trident of a ziggurat {vorpal, Str+5}
  5784 | D:4      | 5784 ||| READING 4 scrolls of identify.
  5784 | D:4      | 5784 ||| IDENTIFYING amethyst potion
  5785 | D:4      | 5785 ||| DROPPING potion of brilliance.
  5808 | D:5      | Entered Level 5 of the Dungeon
  5809 | D:5      | 5809 ||| PLANNING SEWER
  5886 | D:5      | 5886 ||| Stepping ~*~*~tactically~*~*~ (hiding).
  5889 | D:5      | 5889 ||| Stepping ~*~*~tactically~*~*~ (hiding).
  5892 | D:5      | 5892 ||| Stepping ~*~*~tactically~*~*~ (hiding).
  5893 | D:5      | 5893 ||| Stepping ~*~*~tactically~*~*~ (stealth).
  5908 | D:5      | 5908 ||| INVOKING Berserk.
  5910 | D:5      | HP: 16/66 [gnoll/+0 halberd[a gnoll sergeant] (1)]
  5915 | D:5      | HP: 6/66 [gnoll sergeant/+2 spear of freezing (4)]
  5917 | D:5      | Slain by a gnoll sergeant

Levels and vault maps discovered:
D:1:      minmay_arrival_stair_chambers, layout_loops_cross,
          hellmonk_ecumenical_altar_zigzags
D:2:      layout_loops_ring, minmay_misc_feat_roman, serial_bayou_ford_a,
          nicolae_elevator_lobby_plus, uniq_crazy_yiuf_cottage
D:3:      layout_basic, nicolae_wu_jian_wuxing_cycle, serial_shops, shop
D:4:      layout_loops_ring, uniq_pargi
D:5:      nicolae_cairo_tiling_large_dashed, layout_cave_pools,
          mainiacjoe_overflow_swirl, gup_sewer_entry_glass

Skill      XL: |  1  2  3  4  5  6  7 |
---------------+----------------------+-----
Axes           | 3 4 5 6 7 |  7.2
Fighting       | 4 5 |  5.1
Armour         | |  2.7
Dodging        | |  1.5

Action                   |  1- 3 |  4- 6 |  7- 9 || total
-------------------------+-------+-------+-------++-------
Melee: Hand axe          |   132 |   204 |    73 ||   409
       Punch             |       |     3 |     1 ||     4
Invok: Berserk           |     5 |     2 |     2 ||     9
  Use: Scroll            |     1 |     5 |     1 ||     7
       Potion            |       |     4 |       ||     4
Armor: Animal skin       |    34 |    15 |       ||    49
       Scale mail        |       |    30 |       ||    30
       Chain mail        |       |    44 |    38 ||    82
Dodge: Dodged            |    72 |    67 |    27 ||   166

Table legend:
 A = Non-vault XP
 B = Vault XP
 C = Vault XP percentage of total XP
 D = Non-vault monster count
 E = Vault monster count
 F = Vault count percentage of total count
                 A         B        C        D         E       F
            +---------+---------+-------+---------+---------+-------
      Total |     925 |     125 |  11.9 |      95 |       1 |   1.0
            +---------+---------+-------+---------+---------+-------
        D:1 |      73 |       0 |   0.0 |      28 |       0 |   0.0
        D:2 |      97 |       0 |   0.0 |      20 |       0 |   0.0
        D:3 |     228 |       0 |   0.0 |      25 |       0 |   0.0
        D:4 |     382 |     125 |  24.7 |      17 |       1 |   5.6
        D:5 |     145 |       0 |   0.0 |       5 |       0 |   0.0
            +---------+---------+-------+---------+---------+-------
